 Dungeon Crawl Stone Soup version 0.25-a0-302-g9f758675c1 (webtiles) character file.

Game seed: 15279002759086847287, levelgen mode: deterministic

129 Multipenetrator the Shooter (level 4, -3/37 HPs)
             Began as a Centaur Hunter on Dec 18, 2019.
             Killed from afar by Ijyb (11 damage)
             ... with a burst of metal fragments
             ... on level 3 of the Dungeon on Dec 20, 2019.
             The game lasted 00:18:07 (2937 turns).

Multipenetrator the Shooter (Centaur Hunter)        Turns: 2937, Time: 00:18:07

Health: -3/37      AC:  4    Str: 16    XL:     4   Next: 88%
Magic:  4/4        EV:  9    Int: 10    God:
Gold:   69         SH:  0    Dex:  9    Spells: 3/3 levels left

rFire    . . .     SeeInvis .   b - +0 dagger (venom)
rCold    . . .     Gourm    .   (no shield)
rNeg     . . .     Faith    .   c - +0 leather armour
rPois    .         Spirit   .   (no helmet)
rElec    .         Reflect  .   (no cloak)
rCorr    .         Harm     .   (no gloves)
MR       +....                  (no barding)
Stlth    +.........             (no amulet)
HPRegen  0.12/turn              l - ring of protection from magic
MPRegen  0.09/turn              (no ring)

@: very quick
A: large, hooves 3, deformed body, speed 2, tough skin 3
a: no special abilities


You were on level 3 of the Dungeon.
You were not hungry.

You visited 1 branch of the dungeon, and saw 3 of its levels.

You collected 69 gold pieces.

Inventory:

Hand Weapons
 a - a +1 shortbow
 b - a +0 dagger of venom (weapon)
 j - a +0 short sword
Missiles
 d - 21 arrows
Armour
 c - a +0 leather armour (worn)
Jewellery
 l - a ring of protection from magic (left hand)
Scrolls
 i - a scroll of noise {unknown}
 k - a scroll of enchant weapon {unknown}
 o - a scroll of magic mapping {unknown}
Potions
 e - a potion of might
 g - 2 potions of magic {unknown}
 m - a potion of heal wounds {unknown}
 n - a potion of flight {unknown}
Comestibles
 f - 2 rations
 h - a chunk of flesh


   Skills:
 * Level 2.4 Fighting
 * Level 7.9 Bows
 + Level 0.2 Armour
 * Level 1.5 Dodging
 + Level 0.4 Stealth


You had 3 spell levels left.
You didn't know any spells.
Your spell library was empty.

Dungeon Overview and Level Annotations

Branches:
Dungeon (3/15)

Altars:
Sif Muna

Annotations:
D:2 Sigmund
D:3 Ijyb


Innate Abilities, Weirdness & Mutations

You have hooves in place of feet.
Armour fits poorly on your strangely shaped body.
You cover ground very quickly.
You have extremely tough skin. (AC +3)


Message History

Ijyb hits you.
* * * LOW HITPOINT WARNING * * *
You hit Ijyb but do no damage.
Ijyb is poisoned.
Ijyb is heavily wounded.
Ijyb hits you.
* * * LOW HITPOINT WARNING * * *
You hit Ijyb but do no damage.
Ijyb looks as sick as possible!
Ijyb is heavily wounded.
Ijyb hits you.
* * * LOW HITPOINT WARNING * * *
You hit Ijyb but do no damage.
Ijyb looks as sick as possible!
Ijyb is heavily wounded.
Ijyb zaps a wand.
The burst of metal fragments hits you.
* * * LOW HITPOINT WARNING * * *
The burst of metal fragments hits you!
* * * LOW HITPOINT WARNING * * *
The burst of metal fragments misses you.
The burst of metal fragments hits you but does no damage.
The burst of metal fragments hits you!
You die...

.#..............#
.#............#.#
.#.........####.#
.###.....#.#....#
## #....##.#.####
#######....#.#
..........>#.#####
...####.##.#.....#
...# #.##.#####c#
...# #....# #g#
...# ###### #(#
...# #(# ...# #(#
...# .g....((#
#### ....##### ..


You could see Ijyb.

Vanquished Creatures
  Jessica (D:2)
  An orc wizard (D:3)
  3 adders
  An ooze (D:1)
  A dart slug (D:2)
  2 leopard geckos
  4 orcs (D:3)
  2 giant cockroaches
  2 goblins (D:1)
  5 hobgoblins
  2 jackals (D:3)
  2 kobolds
  A quokka (D:3)
  4 bats
  8 frilled lizards
  5 rats
44 creatures vanquished.

Notes
Turn   | Place    | Note
-------+----------+-------------------------------------------
     0 | D:1      | Multipenetrator the Centaur Hunter began the quest for the
                  | Orb.
     0 | D:1      | Reached XP level 1. HP: 17/17 MP: 1/1
   276 | D:1      | Reached skill level 6 in Bows
   276 | D:1      | Reached XP level 2. HP: 23/24 MP: 2/2
   662 | D:1      | Reached XP level 3. HP: 6/29 MP: 3/3
   986 | D:2      | Noticed Sigmund
  1618 | D:1      | Upgraded the game from 0.25-a0-294-gea9b1ad378 to
                  | 0.25-a0-302-g9f758675c1
  2326 | D:2      | Reached skill level 7 in Bows
  2383 | D:2      | Found a shimmering blue altar of Sif Muna.
  2412 | D:2      | Noticed Jessica
  2441 | D:2      | Killed Jessica
  2441 | D:2      | Reached XP level 4. HP: 36/36 MP: 4/4
  2921 | D:3      | Noticed Ijyb
  2937 | D:3      | Killed from afar by Ijyb

Levels and vault maps discovered:
D:1:      dpeg_arrival_erosion, layout_loops_ring, minmay_lizard_pond
D:2:      layout_basic, led_sif_pool, first_ration, uniq_jessica, uniq_sigmund
D:3:      layout_basic, grunt_temple_overflow_open, uniq_ijyb

Skill      XL: |  1  2  3 |
---------------+----------+-----
Bows           | 6 7 |  7.9
Fighting       | |  2.4
Armour         | |  0.2
Dodging        | |  1.5
Stealth        | |  0.4

Action                   |  1- 3 |  4- 6 || total
-------------------------+-------+-------++-------
Melee: Dagger            |    41 |    31 ||    72
       Kick              |     4 |     4 ||     8
 Fire: Shortbow          |    73 |    17 ||    90
  Use: Potion            |     1 |       ||     1
  Eat: Ration            |     1 |       ||     1
       Chunk             |       |     2 ||     2
Armor: Leather armour    |    17 |     9 ||    26
Dodge: Dodged            |    29 |    25 ||    54

Table legend:
 A = Non-vault XP
 B = Vault XP
 C = Vault XP percentage of total XP
 D = Non-vault monster count
 E = Vault monster count
 F = Vault count percentage of total count
                 A         B        C        D         E       F
            +---------+---------+-------+---------+---------+-------
      Total |     144 |      41 |  22.2 |      39 |       5 |  11.4
            +---------+---------+-------+---------+---------+-------
        D:1 |      56 |       4 |   6.7 |      19 |       4 |  17.4
        D:2 |      17 |      37 |  68.5 |       9 |       1 |  10.0
        D:3 |      71 |       0 |   0.0 |      11 |       0 |   0.0
            +---------+---------+-------+---------+---------+-------
